 Dungeon Crawl Stone Soup version 0.28.0-45-g0d030f2227 (webtiles) character file.

Game seed: 8038729121252010333

399 Bamboolord the Slasher (level 7, -2/53 (55) HPs)
             Began as a Formicid Abyssal Knight on Apr 7, 2022.
             Was an Elder of Lugonu.
             Slain by an ogre
             ... wielding a +0 giant club
              (27 damage)
             ... on level 5 of the Dungeon.
             The game lasted 00:11:49 (4266 turns).

Bamboolord the Slasher (Formicid Abyssal Knight)    Turns: 4266, Time: 00:11:50

HP:   -2/53 (55)    AC:  6    Str: 22    XL:     7   Next: 10%
MP:   8/10          EV: 12    Int:  9    God:    Lugonu [****..]
Gold: 211           SH:  0    Dex: 11    Spells: 6/6 levels left

rFire   . . .      SeeInvis +   a - +1 falchion
rCold   . . .      Faith    .   (no shield)
rNeg    . . .      Spirit   .   b - +2 leather armour of Ocwecs {Str+2}
rPois   .          Reflect  .   (helmet unavailable)
rElec   .          Harm     .   (no cloak)
rCorr   +          Rampage  .   j - +0 pair of gloves
Will    .....                   (no boots)
Stlth   +.........              (no amulet)
HPRegen 0.17/turn               l - ring of resist corrosion
MPRegen 0.12/turn               (no ring)

@: studying Fighting, lightly drained
A: permanent stasis, dig shafts and tunnels, antennae 3, four strong arms
a: Dig, Shaft Self, Renounce Religion, Depart the Abyss, Bend Space, Banish,
Corrupt


You were on level 5 of the Dungeon.
You worshipped Lugonu.
Lugonu was greatly pleased with you.
You visited 1 branch of the dungeon, and saw 5 of its levels.
You visited the Abyss 1 time.
You also visited: Ossuary.

You collected 211 gold pieces.

Inventory:

Hand Weapons
 a - a +1 falchion (weapon)
Armour
 b - the +2 leather armour of Ocwecs (worn) {Str+2}
   (You found it on level 3 of the Dungeon)

   Str:       It affects your strength (+2).
 j - a +0 pair of gloves (worn)
 m - a +0 chain mail
Jewellery
 l - a ring of resist corrosion (left hand)
Scrolls
 d - a scroll of fog
 h - a scroll of summoning {unknown}
 r - 2 scrolls of magic mapping
Potions
 c - a potion of curing
 e - a potion of heal wounds {unknown}
 f - 2 potions of flight {unknown}
 g - a potion of berserk rage {unknown}
 k - a potion of might
 o - a potion of degeneration {unknown}
 p - a potion of invisibility {unknown}
 q - a potion of resistance {unknown}
 s - a potion of lignification {unknown}


   Skills:
 * Level 4.4 Fighting
 * Level 4.8 Long Blades
 * Level 3.3 Armour
 * Level 2.1 Dodging
 * Level 4.0 Invocations


You had 6 spell levels left.
You didn't know any spells.
Your spell library contained the following spells:

 Spells                   Type           Power      Damage    Failure   Level
 Alistair's Intoxication  Tmut/Pois      0%         N/A       100%        5
 Borgnjor's Vile Clutch   Necr/Erth      0%         N/A       100%        5
 Eringya's Noxious Bog    Tmut/Pois      0%         N/A       100%        6


Dungeon Overview and Level Annotations

Branches:
Dungeon (5/15)            Ossuary (visited)
 Temple: D:4-7

Altars:
Hepliaklqana

Shops:
D:4 :

Annotations:
Abyss:1 Menkaure


Innate Abilities, Weirdness & Mutations

You cannot be hasted, slowed, berserked, paralysed or teleported.
You can dig through walls and to a lower floor.
You have a pair of large antennae on your head. (SInv)
Your four strong arms can wield two-handed weapons with a shield.


Message History

You hit the centaur skeleton.
You destroy the centaur skeleton!
Lugonu accepts your kill.
Your Invocations skill increases to level 4!
No target in view!
No target in view!
No target in view!
No target in view!
No target in view!
No target in view!
No target in view!
No target in view!
Magic restored.
There is a stone staircase leading up here.
You open the door.
Found 22 stones.
There is an open door here.
You open the door.
There is an open door here.
Found 22 arrows.
You see here 22 arrows.
You see here 22 arrows.
An ogre comes into view. It is wielding a +0 giant club.
The ogre shouts!
An ogre is nearby!
Found 15 gold pieces.
The ogre hits you with a +0 giant club!
You slash the ogre! You punch the ogre.
The ogre is moderately wounded.
The ogre hits you with a +0 giant club!
You are too injured to fight recklessly!
There is an open door here.
There is an open door here.
There is a stone staircase leading up here.
There is an open door here.
Space bends around you!
You blink.
The ogre barely misses you. Space bends around you!
You blink.
The ogre hits you with a +0 giant club!!
Ouch! That really hurt!
You die...

..$...........##.#
###.#######.#.##.#
#..#.#.## ##+##
#.###.(.# ##...##
##.#.##.# ##.....##
##.###.# ##.......##
##.###.#
#........(####...##.##
+.....@...'............
#....O....####...##.###
##.......## ##.###.#
##.....## ### #.#
##...## ##'## #.# #.#
###.#####


You could see an ogre.

Vanquished Creatures
  A scorpion (D:4)
  A centaur skeleton (D:5)
  A hound skeleton (D:5)
  3 mummies (Ossuary)
  3 adders
  A worm (D:3)
  2 dart slugs (D:1)
  An orc (D:3)
  5 ball pythons
  4 bats
  9 endoplasms
  4 giant cockroaches
  8 gnoll zombies (Ossuary)
  9 goblins
  8 hobgoblins
  8 jackals
  3 quokkas
  3 frilled lizards
  7 gnoll skeletons (Ossuary)
  A goblin skeleton (Ossuary)
  4 goblin zombies (Ossuary)
  3 hobgoblin skeletons (Ossuary)
  4 hobgoblin zombies (Ossuary)
  6 kobolds
  3 kobold skeletons (Ossuary)
  3 kobold zombies (Ossuary)
  5 orc skeletons (Ossuary)
  An orc zombie (Ossuary)
  10 rats
  6 rat skeletons (Ossuary)
  5 rat zombies (Ossuary)
132 creatures vanquished.

Notes
Turn   | Place    | Note
-------+----------+-------------------------------------------
     0 | Abyss:1  | Bamboolord the Formicid Abyssal Knight began the quest for
                  | the Orb.
     0 | Abyss:1  | Reached XP level 1. HP: 18/18 MP: 2/2
    11 | D:1      | Escaped the Abyss
   129 | D:1      | Reached XP level 2. HP: 25/25 MP: 3/3
   131 | D:1      | Reached skill level 1 in Dodging
   257 | D:1      | Found a faded altar of an unknown god.
   432 | D:1      | Reached XP level 3. HP: 30/30 MP: 4/4
   706 | D:1      | Reached ** piety under Lugonu
  1011 | D:2      | Reached XP level 4. HP: 29/37 MP: 5/5
  2200 | D:3      | Reached XP level 5. HP: 42/42 MP: 7/7
  2339 | D:3      | Identified the +2 leather armour of Ocwecs {Str+2}
  2565 | D:3      | Found a hazy altar of Hepliaklqana.
  2775 | D:4      | Found Remny's Book Emporium.
  2856 | D:4      | Found a sand-covered staircase.
  2864 | Ossuary  | Entered an ossuary
  2930 | Ossuary  | Reached *** piety under Lugonu
  3113 | Ossuary  | Reached XP level 6. HP: 45/48 MP: 8/8
  3383 | Ossuary  | Reached **** piety under Lugonu
  3395 | Ossuary  | Noticed Menkaure
  3449 | Ossuary  | Banished Menkaure
  3746 | Ossuary  | Identified a scroll of acquirement
  3762 | D:4      | Acquired a manual of Fighting
  4057 | D:5      | Entered Level 5 of the Dungeon
  4109 | D:5      | Reached XP level 7. HP: 46/52 MP: 9/9
  4266 | D:5      | Slain by an ogre

Illustrated notes

Levels and vault maps discovered:
D:1:      dpeg_arrival_round_b, layout_loops_ring,
          hellmonk_ecumenical_altar_arch_garden
D:2:      layout_basic
D:3:      layout_loops_ring, nicolae_hepliaklqana_hazy_memory
D:4:      layout_basic, serial_shops, kennysheep_mini_moat,
          lightli_ossuary_entry_decrepit_ruins, minmay_stone_trees_small
D:5:      layout_loops_corners, uniq_duvessa, uniq_menkaure

Skill      XL: |  1  2  3  4  5  6  7 |
---------------+----------------------+-----
Dodging        | 1 2 |  2.1
Fighting       | 4 |  4.4
Long Blades    | 3 4 |  4.8
Invocations    | 3 4 |  4.0
Armour         | 3 |  3.3

Action                   |  1- 3 |  4- 6 |  7- 9 || total
-------------------------+-------+-------+-------++-------
Melee: Falchion          |    83 |   297 |     5 ||   385
       Punch             |       |     3 |     1 ||     4
Invok: Bend Space        |       |     1 |     2 ||     3
       Banish            |       |     1 |       ||     1
 Abil: Dig               |       |     3 |       ||     3
  Use: Scroll            |       |     7 |       ||     7
       Potion            |       |     1 |       ||     1
 Stab: Sleeping          |     1 |     1 |       ||     2
Armor: Leather armour    |    30 |    67 |     2 ||    99
       Chain mail        |       |    32 |       ||    32
Dodge: Dodged            |    54 |   139 |     6 ||   199
